MapleLeafs vs Stars

Created - 12 mars 2021 at 21:25

Goals
1 2 3 T
MapleLeafs 1 2 2 5
Stars 1 0 0 1
Shots
1 2 3 T
MapleLeafs 4 10 13 27
Stars 10 7 16 33

1st period

1. MapleLeafs , Nikita Kucherov 31 (Jason Zucker 19, Tyler Johnson 25) at 7:28 (PP)
2. Stars , Reilly Smith 33 (Duncan Keith 32, John Klingberg 33) at 19:05 (PP)

Penalties :
Nikita Kucherov (TOR) for Cross-checking (Minor) at 3:37, John Klingberg (DAL) for Tripping (Minor) at 7:06, Taylor Hall (TOR) for Hooking (Minor) at 12:58, Dustin Brown (TOR) for Hooking (Minor) at 17:48

2nd period

3. MapleLeafs , Chris Tanev 9 (Pierre-Luc Dubois 19, Joel Armia 10) at 9:26 (PP)
4. MapleLeafs , Chris Tanev 10 (Nikita Kucherov 40, Jason Zucker 20) at 17:09 (PP)

Penalties :
Adam Fox (DAL) for High sticking (Minor) at 8:14, Brandon Tanev (DAL) for Hooking (Minor) at 12:09, Tom Wilson (DAL) for High sticking (Minor) at 16:59, John Klingberg (DAL) for Hooking (Minor) at 19:43

3rd period

5. MapleLeafs , Nikita Kucherov 32 (Pierre-Luc Dubois 20, Dustin Brown 27) at 2:56
6. MapleLeafs , Anton Stralman 5 (Joel Edmundson 19, Dustin Brown 28) at 7:06

Penalties :
Anton Stralman (TOR) for High sticking (Minor) at 4:23, Chris Tanev (TOR) for Interference (Minor) at 13:13, Tom Wilson (DAL) for Holding (Minor) at 19:18

Goalie Stats

Braden Holtby (TOR), 32 saves from 33 shots - (0,970), W, 26-22-8, 60:00 minutes
Darcy Kuemper (DAL), 13 saves from 17 shots - (0,765), L, 34-21-6, 42:56 minutes
Linus Ullmark (DAL), 9 saves from 10 shots - (0,900), 17:04 minutes

Players Stats for MapleLeafs

Player Name              G  A  P  +/- PIM S  H  SB GA TA FO     MP     PP MP  PK MP  
------------------------------------------------------------------------------------
Anton Stralman           1  0  1   1  2   2  0  4  0  0  0/0    24:25   4:20   3:58 
Chris Tanev              2  0  2   0  2   2  1  1  0  0  0/0    22:12   0:38   4:05 
Cody Ceci                0  0  0   1  0   3  2  0  0  0  0/0    23:06   3:16   4:56 
Dustin Brown             0  2  2   2  2   1  6  0  0  0  1/2    15:18   0:00   0:00 
James Neal               0  0  0   0  0   1  1  0  0  0  1/1    13:57   2:24   0:00 
Jason Zucker             0  2  2   0  0   3  0  0  0  0  0/1    16:53   3:59   0:31 
Jay Beagle               0  0  0   0  0   1  0  0  0  0  9/21   16:35   0:00   5:02 
Jesper Bratt             0  0  0   0  0   0  0  0  0  0  0/0     5:09   0:00   0:00 
Joel Armia               0  1  1   0  0   0  0  0  0  0  0/2    11:15   2:08   3:58 
Joel Edmundson           0  1  1   1  0   1  3  2  0  0  0/0    21:33   1:35   0:59 
Matt Duchene             0  0  0   0  0   2  0  0  0  0  12/21  12:23   0:00   0:00 
Michael Del Zotto        0  0  0   0  0   0  2  1  0  0  0/0     4:44   0:00   0:00 
Mike Matheson            0  0  0   1  0   2  1  1  0  0  0/0    23:40   2:57   4:10 
Nikita Kucherov          2  1  3   2  2   6  0  0  0  0  0/1    19:33   4:15   0:00 
Ondrej Palat             0  0  0   0  0   0  1  0  0  0  0/0    17:25   0:00   5:02 
Pierre-Luc Dubois        0  2  2   2  0   1  0  0  0  0  8/23   17:56   2:24   0:13 
Taylor Hall              0  0  0   0  2   1  1  0  0  0  0/1    11:32   0:00   0:00 
Tyler Johnson            0  1  1   0  0   1  0  0  0  0  5/15   13:06   3:59   3:58 

Players Stats for Stars

Player Name              G  A  P  +/- PIM S  H  SB GA TA FO     MP     PP MP  PK MP  
------------------------------------------------------------------------------------
Adam Fox                 0  0  0   0  2   2  0  3  0  0  0/0    17:18   4:55   0:53 
Brandon Saad             0  0  0  -1  0   1  1  2  0  0  2/2    14:13   0:32   1:32 
Brandon Tanev            0  0  0   0  2   0  4  0  0  0  0/2     8:01   0:18   3:32 
Derick Brassard          0  0  0  -1  0   1  1  0  0  0  5/14   12:09   0:00   0:00 
Devon Toews              0  0  0   0  0   0  2  1  0  0  0/0    17:17   0:08   2:37 
Duncan Keith             0  1  1  -2  0   0  2  1  0  0  0/0    25:54   4:10   3:23 
James van Riemsdyk       0  0  0   0  0   0  0  0  0  0  0/1     4:12   0:00   0:00 
John Klingberg           0  1  1  -2  4   3  1  1  0  0  0/0    24:04   4:10   1:35 
Jon Marchessault         0  0  0   0  0   0  1  0  0  0  0/0    17:25   4:30   0:00 
Nazem Kadri              0  0  0   0  0   2  1  0  0  0  18/23  17:01   3:39   0:27 
Patrice Bergeron         0  0  0  -1  0   7  0  0  0  0  19/30  21:01   4:34   1:19 
Reilly Smith             1  0  1  -1  0   4  0  0  0  0  1/1    19:33   4:25   0:00 
Scott Mayfield           0  0  0   0  0   0  1  1  0  0  0/0    12:19   0:08   0:23 
Shea Theodore            0  0  0   0  0   1  0  2  0  0  0/0    23:05   4:55   3:55 
Teddy Blueger            0  0  0   0  0   2  0  0  0  0  6/13   10:02   0:46   5:04 
Tom Wilson               0  0  0  -1  4   7  5  0  0  0  0/0    20:23   4:25   0:52 
Tyler Toffoli            0  0  0   0  0   3  1  0  0  0  1/1    17:25   4:30   0:00 
Victor Olofsson          0  0  0  -1  0   0  1  0  0  0  0/1    12:09   0:00   0:00 

3 Stars

1 - Nikita Kucherov (TOR)
2 - Braden Holtby (TOR)
3 - Dustin Brown (TOR)

Power Play

MapleLeafs - 3 on 6 Attempt(s) - 50,00%
Stars - 1 on 5 Attempt(s) - 20,00%

Penalty Kill

MapleLeafs - 4 on 5 Attempt(s) - 80,00% - Score 0 goal in Penalty Kill
Stars - 3 on 6 Attempt(s) - 50,00% - Score 0 goal in Penalty Kill

Team Stat

MapleLeafs - Hits : 18 - Faceoff Wins : 36 - Blocked Shots : 9 - Penalty Minutes : 10
Stars - Hits : 21 - Faceoff Wins : 52 - Blocked Shots : 11 - Penalty Minutes : 12

Official

Referees : Terry Koharski and Garrett Rank
Linesman : Matt MacPherson and Kyle Allen

Game Notes

Michael Del Zotto is injured at 1:20 of 2nd period (Sprained Left Ankle)
Linus Ullmark enters game at 2:56 of 3rd period

Finance

Level 1 -- Attendance: 4313 (71,88%) -- Ticket Income 603 820 $
Level 2 -- Attendance: 3227 (64,54%) -- Ticket Income 361 424 $
Level 3 -- Attendance: 1799 (89,95%) -- Ticket Income 187 096 $
Level 4 -- Attendance: 2973 (65,60%) -- Ticket Income 104 055 $
Luxury Box -- Attendance: 710 (71,00%) -- Ticket Income 183 180 $
Game was played at the American Airlines Center.
Total Attendance: 13022 (70,27%)
Total Ticket Income: 1 439 575 $
Other Income: 705 392 $
Total Income: 2 144 967 $

% Time on Ice - MapleLeafs

Lines # - Real PCT - Wanted PCT - Time Play
Normal Forward
1 - 34% - 35% - 15:19
2 - 28% - 31% - 12:23
3 - 26% - 26% - 11:33
4 - 12% - 8% - 5:09
Normal Defense
1 - 27% - 41% - 12:04
2 - 33% - 35% - 14:50
3 - 39% - 24% - 17:30
4 - 0% - 0% - 0:00
PP Forward
1 - 62% - 52% - 3:59
2 - 38% - 48% - 2:24
PP Defense
1 - 25% - 53% - 1:35
2 - 75% - 47% - 4:48
PK Forward
1 - 55% - 52% - 5:02
2 - 45% - 48% - 4:11
PK Defense
1 - 64% - 60% - 5:54
2 - 36% - 40% - 3:19
PK3 Forward
1 - 0% - 52%
2 - 0% - 48%
PK3 Defense
1 - 0% - 60%
2 - 0% - 40%
44 Forward
1 - 0% - 54%
2 - 0% - 46%
44 Defense
1 - 0% - 50%
2 - 0% - 50%
Last Minute Offensive  - 0:00
Last Minute Defensive  - 0:00
Total
Forward - 60:00
Defense - 60:00

% Time on Ice - Stars

Lines # - Real PCT - Wanted PCT - Time Play
Normal Forward
1 - 34% - 35% - 15:08
2 - 29% - 31% - 12:55
3 - 27% - 24% - 12:09
4 - 9% - 10% - 4:12
Normal Defense
1 - 39% - 40% - 17:19
2 - 33% - 30% - 14:32
3 - 26% - 20% - 11:31
4 - 2% - 10% - 1:02
PP Forward
1 - 48% - 60% - 4:25
2 - 52% - 40% - 4:48
PP Defense
1 - 47% - 60% - 4:18
2 - 53% - 40% - 4:55
PK Forward
1 - 86% - 60% - 5:31
2 - 14% - 40% - 0:52
PK Defense
1 - 59% - 60% - 3:46
2 - 41% - 40% - 2:37
PK3 Forward
1 - 0% - 60%
2 - 0% - 40%
PK3 Defense
1 - 0% - 60%
2 - 0% - 40%
44 Forward
1 - 0% - 60%
2 - 0% - 40%
44 Defense
1 - 0% - 60%
2 - 0% - 40%
Last Minute Offensive  - 0:00
Last Minute Defensive  - 0:00
Total
Forward - 60:00
Defense - 60:00

Play-by-Play

1st period


0:01 of 1st period - Patrice Bergeron wins face-off versus Pierre-Luc Dubois in neutral zone.
1:10 of 1st period - Joel Edmundson is hit by Tyler Toffoli and loses puck.
1:35 of 1st period - Tyler Toffoli is hit by Michael Del Zotto and loses puck.
2:20 of 1st period - Nazem Kadri is hit by Taylor Hall and loses puck.
3:01 of 1st period - Shot by Derick Brassard.
3:01 of 1st period - Shot Misses the Net.
3:17 of 1st period - Shot by Brandon Saad.
3:17 of 1st period - Deflect By Derick Brassard.
3:17 of 1st period - Shot Misses the Net.
3:26 of 1st period - Icing by Mike Matheson.
3:27 of 1st period - Tyler Johnson wins face-off versus Patrice Bergeron in MapleLeafs zone.
3:37 of 1st period - Minor Penalty to Nikita Kucherov for Cross-checking.
3:38 of 1st period - Jay Beagle wins face-off versus Teddy Blueger in MapleLeafs zone.
4:37 of 1st period - Shot by Shea Theodore.
4:37 of 1st period - Shot Blocked by Anton Stralman.
4:39 of 1st period - Shot by Adam Fox.
4:39 of 1st period - Shot Misses the Net.
4:41 of 1st period - Shot by Adam Fox.
4:41 of 1st period - Stopped by Braden Holtby without a rebound.
4:42 of 1st period - Patrice Bergeron wins face-off versus Jay Beagle in MapleLeafs zone.
4:52 of 1st period - Shot by Duncan Keith.
4:52 of 1st period - Shot Misses the Net.
4:54 of 1st period - Shot by John Klingberg.
4:54 of 1st period - Stopped by Braden Holtby without a rebound.
4:55 of 1st period - Nazem Kadri wins face-off versus Tyler Johnson in MapleLeafs zone.
5:03 of 1st period - Icing by Shea Theodore.
5:04 of 1st period - Nazem Kadri wins face-off versus Jay Beagle in Stars zone.
5:04 of 1st period - Nazem Kadri is hit by Ondrej Palat.
5:10 of 1st period - Shot by Adam Fox.
5:10 of 1st period - Shot Misses the Net.
5:28 of 1st period - Shot by Nazem Kadri.
5:28 of 1st period - Shot Misses the Net.
6:12 of 1st period - Off-side.
6:13 of 1st period - Matt Duchene wins face-off versus Teddy Blueger in neutral zone.
6:13 of 1st period - Matt Duchene is hit by Brandon Tanev.
6:23 of 1st period - Shot by Matt Duchene.
6:23 of 1st period - Stopped by Darcy Kuemper without a rebound.
6:24 of 1st period - Jay Beagle wins face-off versus Brandon Tanev in Stars zone.
6:36 of 1st period - Off-side.
6:37 of 1st period - Matt Duchene wins face-off versus Patrice Bergeron in neutral zone.
6:43 of 1st period - Duncan Keith is hit by Cody Ceci.
6:45 of 1st period - Shot by Tom Wilson.
6:45 of 1st period - Stopped by Braden Holtby without a rebound.
6:46 of 1st period - Patrice Bergeron wins face-off versus Pierre-Luc Dubois in MapleLeafs zone.
7:06 of 1st period - Minor Penalty to John Klingberg for Tripping.
7:07 of 1st period - Teddy Blueger wins face-off versus Tyler Johnson in Stars zone.
7:28 of 1st period - Shot by Jason Zucker.
7:28 of 1st period - Deflect By Nikita Kucherov.
7:28 of 1st period - The goal is going for a video replay.
7:28 of 1st period - The goal is good.
7:28 of 1st period - Goal by Nikita Kucherov - MapleLeafs : 1 - Stars : 0.
7:29 of 1st period - Patrice Bergeron wins face-off versus Jay Beagle in neutral zone.
7:36 of 1st period - Shot by Patrice Bergeron.
7:36 of 1st period - Stopped by Braden Holtby without a rebound.
7:37 of 1st period - Matt Duchene wins face-off versus Patrice Bergeron in MapleLeafs zone.
8:11 of 1st period - Patrice Bergeron is hit by Joel Edmundson and loses puck.
8:33 of 1st period - Icing by John Klingberg.
8:34 of 1st period - Nazem Kadri wins face-off versus Pierre-Luc Dubois in Stars zone.
9:02 of 1st period - Shot by Dustin Brown.
9:02 of 1st period - Stopped by Darcy Kuemper without a rebound.
9:03 of 1st period - Derick Brassard wins face-off versus Jay Beagle in Stars zone.
9:14 of 1st period - Shot by Brandon Saad.
9:14 of 1st period - Shot Blocked by Chris Tanev.
9:23 of 1st period - Michael Del Zotto is hit by Derick Brassard and loses puck.
9:34 of 1st period - Shot by James Neal.
9:34 of 1st period - Shot Blocked by Brandon Saad.
9:36 of 1st period - Shot by Chris Tanev.
9:36 of 1st period - Shot Misses the Net.
10:14 of 1st period - Shot by Jesper Bratt.
10:14 of 1st period - Shot Misses the Net.
10:16 of 1st period - Shot by Mike Matheson.
10:16 of 1st period - Stopped by Darcy Kuemper with a rebound.
10:51 of 1st period - Shot by Pierre-Luc Dubois.
10:51 of 1st period - Shot Misses the Net.
11:03 of 1st period - Shot by Tom Wilson.
11:03 of 1st period - Stopped by Braden Holtby without a rebound.
11:04 of 1st period - Matt Duchene wins face-off versus Nazem Kadri in MapleLeafs zone.
11:04 of 1st period - Matt Duchene is hit by Nazem Kadri.
11:51 of 1st period - Off-side.
11:52 of 1st period - Pierre-Luc Dubois wins face-off versus Patrice Bergeron in neutral zone.
12:58 of 1st period - Minor Penalty to Taylor Hall for Hooking.
12:59 of 1st period - Jay Beagle wins face-off versus Patrice Bergeron in MapleLeafs zone.
13:08 of 1st period - Shot by Shea Theodore.
13:08 of 1st period - Shot Misses the Net.
13:52 of 1st period - Cody Ceci is hit by Tom Wilson and loses puck.
13:59 of 1st period - Shot by Tom Wilson.
13:59 of 1st period - Shot Misses the Net.
14:01 of 1st period - Shot by Reilly Smith.
14:01 of 1st period - Shot Misses the Net.
14:03 of 1st period - Shot by Duncan Keith.
14:03 of 1st period - Shot Blocked by Anton Stralman.
14:16 of 1st period - John Klingberg is hit by Mike Matheson and loses puck.
14:43 of 1st period - Shot by Patrice Bergeron.
14:43 of 1st period - Stopped by Braden Holtby without a rebound.
14:44 of 1st period - Brandon Saad wins face-off versus Jay Beagle in MapleLeafs zone.
14:57 of 1st period - Shot by John Klingberg.
14:57 of 1st period - Stopped by Braden Holtby without a rebound.
14:58 of 1st period - Pierre-Luc Dubois wins face-off versus James van Riemsdyk in MapleLeafs zone.
14:58 of 1st period - Pierre-Luc Dubois is hit by Brandon Tanev.
15:11 of 1st period - Shot by Nikita Kucherov.
15:11 of 1st period - Shot Misses the Net.
16:11 of 1st period - Shot by Brandon Saad.
16:11 of 1st period - Stopped by Braden Holtby without a rebound.
16:12 of 1st period - Matt Duchene wins face-off versus Patrice Bergeron in MapleLeafs zone.
16:36 of 1st period - Off-side.
16:37 of 1st period - Jay Beagle wins face-off versus Nazem Kadri in neutral zone.
16:54 of 1st period - Shot by Nazem Kadri.
16:54 of 1st period - Stopped by Braden Holtby without a rebound.
16:55 of 1st period - Patrice Bergeron wins face-off versus Pierre-Luc Dubois in MapleLeafs zone.
17:35 of 1st period - Chris Tanev is hit by Tom Wilson.
17:48 of 1st period - Minor Penalty to Dustin Brown for Hooking.
17:49 of 1st period - Patrice Bergeron wins face-off versus Jay Beagle in MapleLeafs zone.
19:05 of 1st period - Shot by Reilly Smith.
19:05 of 1st period - Goal by Reilly Smith - MapleLeafs : 1 - Stars : 1.
19:06 of 1st period - Pierre-Luc Dubois wins face-off versus Derick Brassard in neutral zone.
19:22 of 1st period - Duncan Keith is hit by Dustin Brown and loses puck.
Goals for this period are 1 for MapleLeafs vs 1 for Stars.
Shots for this period are 4 for MapleLeafs vs 10 for Stars.

2nd period


0:01 of 2nd period - Nazem Kadri wins face-off versus Matt Duchene in neutral zone.
0:59 of 2nd period - Shot by Taylor Hall.
0:59 of 2nd period - Shot Misses the Net.
1:01 of 2nd period - Shot by Jay Beagle.
1:01 of 2nd period - Stopped by Darcy Kuemper without a rebound.
1:02 of 2nd period - Patrice Bergeron wins face-off versus Dustin Brown in Stars zone.
1:02 of 2nd period - Patrice Bergeron is hit by Dustin Brown.
1:11 of 2nd period - Patrice Bergeron is hit by Michael Del Zotto and loses puck.
1:20 of 2nd period - Shot by Reilly Smith.
1:20 of 2nd period - Shot Blocked by Michael Del Zotto.
1:20 of 2nd period - Michael Del Zotto from MapleLeafs is injured at 1:20 of 2nd period (Sprained Left Ankle).
1:21 of 2nd period - Derick Brassard wins face-off versus Jay Beagle in MapleLeafs zone.
2:25 of 2nd period - Shot by Tom Wilson.
2:25 of 2nd period - Shot Misses the Net.
3:34 of 2nd period - Shot by Tyler Toffoli.
3:34 of 2nd period - Stopped by Braden Holtby without a rebound.
3:35 of 2nd period - Teddy Blueger wins face-off versus Tyler Johnson in MapleLeafs zone.
4:23 of 2nd period - Shot by Taylor Hall.
4:23 of 2nd period - Shot Blocked by Scott Mayfield.
4:25 of 2nd period - Shot by Cody Ceci.
4:25 of 2nd period - Stopped by Darcy Kuemper without a rebound.
4:26 of 2nd period - Nazem Kadri wins face-off versus Pierre-Luc Dubois in Stars zone.
5:35 of 2nd period - Shot by Reilly Smith.
5:35 of 2nd period - Shot Misses the Net.
5:39 of 2nd period - Shot by Patrice Bergeron.
5:39 of 2nd period - Stopped by Braden Holtby without a rebound.
5:40 of 2nd period - Matt Duchene wins face-off versus Derick Brassard in MapleLeafs zone.
6:19 of 2nd period - Icing by Adam Fox.
6:20 of 2nd period - Derick Brassard wins face-off versus Pierre-Luc Dubois in Stars zone.
6:20 of 2nd period - Derick Brassard is hit by Dustin Brown.
6:42 of 2nd period - Shot by Pierre-Luc Dubois.
6:42 of 2nd period - Stopped by Darcy Kuemper without a rebound.
6:43 of 2nd period - Nazem Kadri wins face-off versus Taylor Hall in Stars zone.
6:43 of 2nd period - Nazem Kadri is hit by James Neal.
6:48 of 2nd period - Off-side.
6:49 of 2nd period - Patrice Bergeron wins face-off versus Matt Duchene in neutral zone.
7:00 of 2nd period - Shot by Patrice Bergeron.
7:00 of 2nd period - Shot Misses the Net.
7:56 of 2nd period - Shot by Taylor Hall.
7:56 of 2nd period - Stopped by Darcy Kuemper without a rebound.
7:57 of 2nd period - Nazem Kadri wins face-off versus Pierre-Luc Dubois in Stars zone.
7:57 of 2nd period - Nazem Kadri is hit by Dustin Brown.
8:02 of 2nd period - Off-side.
8:03 of 2nd period - Nazem Kadri wins face-off versus Pierre-Luc Dubois in neutral zone.
8:13 of 2nd period - Shot by Nikita Kucherov.
8:13 of 2nd period - Stopped by Darcy Kuemper without a rebound.
8:14 of 2nd period - Matt Duchene wins face-off versus Derick Brassard in Stars zone.
8:14 of 2nd period - Minor Penalty to Adam Fox for High sticking.
8:15 of 2nd period - Tyler Johnson wins face-off versus Brandon Tanev in Stars zone.
9:24 of 2nd period - Shot by Pierre-Luc Dubois.
9:24 of 2nd period - Shot Misses the Net.
9:26 of 2nd period - Shot by Chris Tanev.
9:26 of 2nd period - Goal by Chris Tanev - MapleLeafs : 2 - Stars : 1.
9:27 of 2nd period - Jay Beagle wins face-off versus Nazem Kadri in neutral zone.
10:07 of 2nd period - Shot by Jason Zucker.
10:07 of 2nd period - Shot Blocked by Adam Fox.
10:09 of 2nd period - Shot by Chris Tanev.
10:09 of 2nd period - Shot Blocked by Adam Fox.
10:11 of 2nd period - Shot by Mike Matheson.
10:11 of 2nd period - Stopped by Darcy Kuemper without a rebound.
10:12 of 2nd period - Reilly Smith wins face-off versus Pierre-Luc Dubois in Stars zone.
10:25 of 2nd period - Shot by Reilly Smith.
10:25 of 2nd period - Stopped by Braden Holtby without a rebound.
10:26 of 2nd period - Matt Duchene wins face-off versus Derick Brassard in MapleLeafs zone.
10:51 of 2nd period - Shot by Matt Duchene.
10:51 of 2nd period - Shot Blocked by Shea Theodore.
11:26 of 2nd period - Tom Wilson is hit by Chris Tanev.
11:52 of 2nd period - Shot by Reilly Smith.
11:52 of 2nd period - Stopped by Braden Holtby with a rebound.
12:07 of 2nd period - Icing by Anton Stralman.
12:08 of 2nd period - Jay Beagle wins face-off versus Teddy Blueger in MapleLeafs zone.
12:08 of 2nd period - Jay Beagle is hit by Brandon Tanev.
12:09 of 2nd period - Minor Penalty to Brandon Tanev for Hooking.
12:10 of 2nd period - Brandon Saad wins face-off versus Pierre-Luc Dubois in Stars zone.
12:18 of 2nd period - Off-side.
12:19 of 2nd period - Teddy Blueger wins face-off versus Pierre-Luc Dubois in neutral zone.
13:38 of 2nd period - Shot by Patrice Bergeron.
13:38 of 2nd period - Stopped by Braden Holtby without a rebound.
13:39 of 2nd period - Teddy Blueger wins face-off versus Tyler Johnson in MapleLeafs zone.
14:02 of 2nd period - Shot by Nikita Kucherov.
14:02 of 2nd period - Shot Misses the Net.
14:04 of 2nd period - Shot by Anton Stralman.
14:04 of 2nd period - Shot Blocked by John Klingberg.
14:06 of 2nd period - Shot by Cody Ceci.
14:06 of 2nd period - Shot Misses the Net.
14:20 of 2nd period - Chris Tanev is hit by Tom Wilson and loses puck.
14:49 of 2nd period - Shot by Tom Wilson.
14:49 of 2nd period - Shot Blocked by Joel Edmundson.
15:15 of 2nd period - Shot by Nazem Kadri.
15:15 of 2nd period - Shot Misses the Net.
15:17 of 2nd period - Shot by Tyler Toffoli.
15:17 of 2nd period - Stopped by Braden Holtby without a rebound.
15:18 of 2nd period - Matt Duchene wins face-off versus Derick Brassard in MapleLeafs zone.
15:46 of 2nd period - Off-side.
15:47 of 2nd period - Nazem Kadri wins face-off versus Tyler Johnson in neutral zone.
16:11 of 2nd period - Jesper Bratt is hit by Devon Toews and loses puck.
16:17 of 2nd period - Tyler Johnson is hit by Devon Toews and loses puck.
16:35 of 2nd period - Icing by Cody Ceci.
16:36 of 2nd period - Dustin Brown wins face-off versus Patrice Bergeron in MapleLeafs zone.
16:38 of 2nd period - Icing by Pierre-Luc Dubois.
16:39 of 2nd period - Patrice Bergeron wins face-off versus Pierre-Luc Dubois in MapleLeafs zone.
16:53 of 2nd period - Nikita Kucherov is hit by Duncan Keith and loses puck.
16:59 of 2nd period - Minor Penalty to Tom Wilson for High sticking.
17:00 of 2nd period - Tyler Johnson wins face-off versus Teddy Blueger in Stars zone.
17:07 of 2nd period - Shot by Nikita Kucherov.
17:07 of 2nd period - Shot Misses the Net.
17:09 of 2nd period - Shot by Chris Tanev.
17:09 of 2nd period - Goal by Chris Tanev - MapleLeafs : 3 - Stars : 1.
17:10 of 2nd period - Nazem Kadri wins face-off versus Jay Beagle in neutral zone.
18:30 of 2nd period - Shot by Nikita Kucherov.
18:30 of 2nd period - Stopped by Darcy Kuemper without a rebound.
18:31 of 2nd period - Matt Duchene wins face-off versus Victor Olofsson in Stars zone.
18:32 of 2nd period - Shot by Jason Zucker.
18:32 of 2nd period - Shot Misses the Net.
18:34 of 2nd period - Shot by Mike Matheson.
18:34 of 2nd period - Shot Blocked by Adam Fox.
18:42 of 2nd period - Shot by Ondrej Palat.
18:42 of 2nd period - Shot Hit the Post.
18:44 of 2nd period - Shot by Cody Ceci.
18:44 of 2nd period - Stopped by Darcy Kuemper without a rebound.
18:45 of 2nd period - Teddy Blueger wins face-off versus Joel Armia in Stars zone.
19:00 of 2nd period - Shot by Teddy Blueger.
19:00 of 2nd period - Stopped by Braden Holtby with a rebound.
19:43 of 2nd period - Minor Penalty to John Klingberg for Hooking.
19:44 of 2nd period - Pierre-Luc Dubois wins face-off versus Patrice Bergeron in Stars zone.
Goals for this period are 2 for MapleLeafs vs 0 for Stars.
Shots for this period are 10 for MapleLeafs vs 7 for Stars.

3rd period


0:01 of 3rd period - Tyler Johnson wins face-off versus Teddy Blueger in neutral zone.
0:21 of 3rd period - Shot by Tyler Johnson.
0:21 of 3rd period - Stopped by Darcy Kuemper without a rebound.
0:22 of 3rd period - James Neal wins face-off versus Teddy Blueger in Stars zone.
0:59 of 3rd period - Shot by Anton Stralman.
0:59 of 3rd period - Stopped by Darcy Kuemper without a rebound.
1:00 of 3rd period - Patrice Bergeron wins face-off versus Tyler Johnson in Stars zone.
1:50 of 3rd period - Icing by Jay Beagle.
1:51 of 3rd period - Patrice Bergeron wins face-off versus Jay Beagle in MapleLeafs zone.
1:59 of 3rd period - Icing by Jay Beagle.
2:00 of 3rd period - Nazem Kadri wins face-off versus Jay Beagle in MapleLeafs zone.
2:07 of 3rd period - Shot by Nazem Kadri.
2:07 of 3rd period - Shot Misses the Net.
2:15 of 3rd period - Shot by Nazem Kadri.
2:15 of 3rd period - Shot Misses the Net.
2:17 of 3rd period - Shot by Tyler Toffoli.
2:17 of 3rd period - Shot Misses the Net.
2:47 of 3rd period - Shot by Patrice Bergeron.
2:47 of 3rd period - Stopped by Braden Holtby without a rebound.
2:48 of 3rd period - Pierre-Luc Dubois wins face-off versus Patrice Bergeron in MapleLeafs zone.
2:48 of 3rd period - Pierre-Luc Dubois is hit by Tom Wilson.
2:56 of 3rd period - Shot by Nikita Kucherov.
2:56 of 3rd period - Goal by Nikita Kucherov - MapleLeafs : 4 - Stars : 1.
2:56 of 3rd period - Linus Ullmark enters game.
2:57 of 3rd period - Derick Brassard wins face-off versus Matt Duchene in neutral zone.
3:30 of 3rd period - Shot by Matt Duchene.
3:30 of 3rd period - Shot Misses the Net.
3:51 of 3rd period - Nikita Kucherov is hit by John Klingberg and loses puck.
4:10 of 3rd period - Patrice Bergeron is hit by Dustin Brown and loses puck.
4:16 of 3rd period - Shea Theodore is hit by Dustin Brown.
4:23 of 3rd period - Minor Penalty to Anton Stralman for High sticking.
4:24 of 3rd period - Tyler Toffoli wins face-off versus Tyler Johnson in MapleLeafs zone.
5:52 of 3rd period - Shot by Shea Theodore.
5:52 of 3rd period - Shot Blocked by Joel Edmundson.
6:39 of 3rd period - Shot by Nikita Kucherov.
6:39 of 3rd period - Stopped by Linus Ullmark without a rebound.
6:40 of 3rd period - Derick Brassard wins face-off versus Pierre-Luc Dubois in Stars zone.
6:46 of 3rd period - John Klingberg is hit by Joel Edmundson and loses puck.
7:00 of 3rd period - Shot by Dustin Brown.
7:00 of 3rd period - Shot Misses the Net.
7:02 of 3rd period - Shot by Joel Edmundson.
7:02 of 3rd period - Shot Blocked by Duncan Keith.
7:04 of 3rd period - Shot by Joel Edmundson.
7:04 of 3rd period - Stopped by Linus Ullmark with a rebound.
7:06 of 3rd period - Shot by Anton Stralman.
7:06 of 3rd period - Goal by Anton Stralman - MapleLeafs : 5 - Stars : 1.
7:07 of 3rd period - Teddy Blueger wins face-off versus Tyler Johnson in neutral zone.
7:28 of 3rd period - Shot by James van Riemsdyk.
7:28 of 3rd period - Deflect By Teddy Blueger.
7:28 of 3rd period - Stopped by Braden Holtby without a rebound.
7:29 of 3rd period - Matt Duchene wins face-off versus Derick Brassard in MapleLeafs zone.
7:29 of 3rd period - Ondrej Palat is hit by Brandon Saad.
7:32 of 3rd period - Chris Tanev is hit by Scott Mayfield and loses puck.
8:10 of 3rd period - Icing by Chris Tanev.
8:11 of 3rd period - Patrice Bergeron wins face-off versus Matt Duchene in MapleLeafs zone.
8:14 of 3rd period - Shot by Tom Wilson.
8:14 of 3rd period - Stopped by Braden Holtby without a rebound.
8:15 of 3rd period - Pierre-Luc Dubois wins face-off versus Patrice Bergeron in MapleLeafs zone.
8:33 of 3rd period - Shot by Patrice Bergeron.
8:33 of 3rd period - Stopped by Braden Holtby without a rebound.
8:34 of 3rd period - Nazem Kadri wins face-off versus Jay Beagle in MapleLeafs zone.
8:53 of 3rd period - Icing by Tyler Toffoli.
8:54 of 3rd period - Nazem Kadri wins face-off versus Matt Duchene in Stars zone.
10:05 of 3rd period - Icing by Joel Edmundson.
10:06 of 3rd period - Pierre-Luc Dubois wins face-off versus Derick Brassard in MapleLeafs zone.
10:06 of 3rd period - Pierre-Luc Dubois is hit by Victor Olofsson.
11:20 of 3rd period - Shot by Tom Wilson.
11:20 of 3rd period - Stopped by Braden Holtby with a rebound.
11:22 of 3rd period - Shot by Tom Wilson.
11:22 of 3rd period - Stopped by Braden Holtby with a rebound.
11:50 of 3rd period - Shot by James van Riemsdyk.
11:50 of 3rd period - Shot Misses the Net.
11:58 of 3rd period - Shot by Shea Theodore.
11:58 of 3rd period - Stopped by Braden Holtby without a rebound.
11:59 of 3rd period - Nazem Kadri wins face-off versus Matt Duchene in MapleLeafs zone.
12:08 of 3rd period - Shot by Matt Duchene.
12:08 of 3rd period - Stopped by Linus Ullmark with a rebound.
12:10 of 3rd period - Shot by Jason Zucker.
12:10 of 3rd period - Stopped by Linus Ullmark without a rebound.
12:11 of 3rd period - Pierre-Luc Dubois wins face-off versus Derick Brassard in Stars zone.
12:22 of 3rd period - Shot by Pierre-Luc Dubois.
12:22 of 3rd period - Shot Misses the Net.
12:24 of 3rd period - Shot by Nikita Kucherov.
12:24 of 3rd period - Shot Blocked by Brandon Saad.
12:26 of 3rd period - Shot by Dustin Brown.
12:26 of 3rd period - Deflect By Nikita Kucherov.
12:26 of 3rd period - Stopped by Linus Ullmark without a rebound.
12:27 of 3rd period - Patrice Bergeron wins face-off versus Matt Duchene in Stars zone.
12:53 of 3rd period - Shot by Jason Zucker.
12:53 of 3rd period - Stopped by Linus Ullmark without a rebound.
12:54 of 3rd period - Nazem Kadri wins face-off versus Nikita Kucherov in Stars zone.
13:05 of 3rd period - Shot by Nazem Kadri.
13:05 of 3rd period - Stopped by Braden Holtby with a rebound.
13:13 of 3rd period - Minor Penalty to Chris Tanev for Interference.
13:14 of 3rd period - Nazem Kadri wins face-off versus Tyler Johnson in MapleLeafs zone.
13:39 of 3rd period - Shot by Nazem Kadri.
13:39 of 3rd period - Shot Misses the Net.
13:41 of 3rd period - Shot by Duncan Keith.
13:41 of 3rd period - Shot Blocked by Anton Stralman.
13:43 of 3rd period - Shot by Tom Wilson.
13:43 of 3rd period - Stopped by Braden Holtby without a rebound.
13:44 of 3rd period - Patrice Bergeron wins face-off versus Tyler Johnson in MapleLeafs zone.
13:51 of 3rd period - Shot by Adam Fox.
13:51 of 3rd period - Shot Blocked by Mike Matheson.
13:53 of 3rd period - Shot by Adam Fox.
13:53 of 3rd period - Stopped by Braden Holtby without a rebound.
13:54 of 3rd period - Patrice Bergeron wins face-off versus Joel Armia in MapleLeafs zone.
14:01 of 3rd period - Shot by Patrice Bergeron.
14:01 of 3rd period - Stopped by Braden Holtby without a rebound.
14:02 of 3rd period - Jay Beagle wins face-off versus Nazem Kadri in MapleLeafs zone.
14:38 of 3rd period - Shot by Duncan Keith.
14:38 of 3rd period - Shot Misses the Net.
14:40 of 3rd period - Shot by Tom Wilson.
14:40 of 3rd period - Stopped by Braden Holtby without a rebound.
14:41 of 3rd period - Patrice Bergeron wins face-off versus Jay Beagle in MapleLeafs zone.
15:13 of 3rd period - Patrice Bergeron is hit by Joel Edmundson.
15:45 of 3rd period - Shot by Dustin Brown.
15:45 of 3rd period - Deflect By Nikita Kucherov.
15:45 of 3rd period - Shot Blocked by Shea Theodore.
16:07 of 3rd period - Shot by Cody Ceci.
16:07 of 3rd period - Stopped by Linus Ullmark without a rebound.
16:08 of 3rd period - Patrice Bergeron wins face-off versus Matt Duchene in Stars zone.
16:22 of 3rd period - Shot by Patrice Bergeron.
16:22 of 3rd period - Shot Misses the Net.
16:24 of 3rd period - Shot by John Klingberg.
16:24 of 3rd period - Stopped by Braden Holtby without a rebound.
16:25 of 3rd period - Jay Beagle wins face-off versus Nazem Kadri in MapleLeafs zone.
16:25 of 3rd period - Jay Beagle is hit by Jon Marchessault.
16:39 of 3rd period - Shot by James Neal.
16:39 of 3rd period - Stopped by Linus Ullmark without a rebound.
16:40 of 3rd period - Patrice Bergeron wins face-off versus Matt Duchene in Stars zone.
16:54 of 3rd period - Shot by Reilly Smith.
16:54 of 3rd period - Stopped by Braden Holtby without a rebound.
16:55 of 3rd period - Nazem Kadri wins face-off versus Pierre-Luc Dubois in MapleLeafs zone.
17:00 of 3rd period - Shot by Tyler Toffoli.
17:00 of 3rd period - Shot Blocked by Anton Stralman.
18:08 of 3rd period - Patrice Bergeron is hit by Cody Ceci and loses puck.
18:18 of 3rd period - Off-side.
18:19 of 3rd period - Jay Beagle wins face-off versus Derick Brassard in neutral zone.
18:33 of 3rd period - Shot by Taylor Hall.
18:33 of 3rd period - Shot Blocked by Devon Toews.
18:53 of 3rd period - Shot by Derick Brassard.
18:53 of 3rd period - Stopped by Braden Holtby without a rebound.
18:54 of 3rd period - Nazem Kadri wins face-off versus Jason Zucker in MapleLeafs zone.
18:57 of 3rd period - Shot by Tyler Toffoli.
18:57 of 3rd period - Stopped by Braden Holtby without a rebound.
18:58 of 3rd period - Matt Duchene wins face-off versus Patrice Bergeron in MapleLeafs zone.
18:58 of 3rd period - Matt Duchene is hit by Tom Wilson.
19:05 of 3rd period - Matt Duchene is hit by Duncan Keith and loses puck.
19:11 of 3rd period - Icing by Duncan Keith.
19:12 of 3rd period - Patrice Bergeron wins face-off versus Pierre-Luc Dubois in Stars zone.
19:18 of 3rd period - Minor Penalty to Tom Wilson for Holding.
19:19 of 3rd period - Tyler Johnson wins face-off versus Teddy Blueger in Stars zone.
19:20 of 3rd period - Shot by Jason Zucker.
19:20 of 3rd period - Stopped by Linus Ullmark with a rebound.
19:54 of 3rd period - Anton Stralman is hit by Brandon Tanev and loses puck.
Goals for this period are 2 for MapleLeafs vs 0 for Stars.
Shots for this period are 13 for MapleLeafs vs 16 for Stars.